 Dungeon Sprint DCSS version 0.23.2-30-g0e89c35649 (webtiles) character file.

Game seed: 16470961796261542095

144 HASTUR3 the Zephyrmancer (level 5, -3/28 HPs)
             Began as a Deep Elf Air Elementalist on June 19, 2019.
             Was an Initiate of Kikubaaqudgha.
             Slain by a two-headed ogre
             ... wielding a cursed -2 giant spiked club
              (19 damage)
             ... in the Dungeon (Sprint IX: "|||||||||||||||||||||||||||||").
             The game lasted 00:02:37 (287 turns).

HASTUR3 the Zephyrmancer (Deep Elf Air Elementalist) Turns: 287, Time: 00:02:39

Health: -3/28      AC:  3    Str:  5    XL:     5   Next: 5%
Magic:  5/11       EV: 13    Int: 24    God:    Kikubaaqudgha [......]
Gold:   0          SH:  0    Dex: 18    Spells: 0/10 levels left

rFire    . . .     SeeInvis .   m - staff of energy
rCold    . . .     Gourm    .   (no shield)
rNeg     . . .     Faith    .   a - +0 robe
rPois    .         Spirit   .   n - +0 helmet
rElec    .         Reflect  .   (no cloak)
rCorr    .         Harm     .   (no gloves)
MR       .....     NoTele   +   (no boots)
Stlth    ++........             (no amulet)
HPRegen  0.09/turn              o - +3 ring of intelligence
MPRegen  0.12/turn              p - +3 ring of dexterity

@: swift, quick
A: no striking features
a: Renounce Religion


You were in the Dungeon.
You worshipped Kikubaaqudgha.
Kikubaaqudgha was noncommittal.
You were not hungry.

You visited 1 branch

Inventory:

Armour
 a - a +0 robe (worn)
 n - a +0 helmet (worn)
Magical Staves
 m - an uncursed staff of energy (weapon)
Jewellery
 o - a +3 ring of intelligence (left hand)
 p - a +3 ring of dexterity (right hand)
Wands
 b - a wand of acid (10)
Scrolls
 j - 3 scrolls of remove curse
 k - 2 scrolls of amnesia
 l - a scroll of blinking
Potions
 d - 5 potions of curing
 e - 3 potions of heal wounds
 f - a potion of haste
 g - 4 potions of magic
 h - a potion of berserk rage
 i - a potion of invisibility
Comestibles
 c - a ration


   Skills:
 - Level 2.4 Dodging
 - Level 2.4 Stealth
 * Level 3.0 Spellcasting
 + Level 7.2 Conjurations
 * Level 0.3 Charms
 + Level 8.2 Air Magic


You couldn't memorise any spells.
You knew the following spells:

 Your Spells              Type           Power        Failure   Level  Hunger
a - Shock                 Conj/Air       ####         1%          1    None
b - Swiftness             Chrm/Air       ###.....     2%          2    None
c - Airstrike             Air            #####.....   3%          4    None
d - Static Discharge      Conj/Air       #####...     1%          3    None

Your spell library contained the following spells:

 Spells                   Type           Power        Failure   Level  Hunger
 Lightning Bolt           Conj/Air       #####.....   12%         5    None


Dungeon Overview and Level Annotations

Branches:
Dungeon (1/1)

Altars:
Cheibriados
Dithmenos
Elyvilon
Fedhas
Gozag
Hepliaklqana
Kikubaaqudgha
Makhleb
Nemelex Xobeh
Okawaru
Qazlal
Ru
Sif Muna
Trog
Uskayaw
Vehumet
Wu Jian
Xom
Yredelemnul
Zin
The Shining One
Beogh
Jiyva
Lugonu


Message History

The orc hits you with a +0 short sword.
Casting: Static Discharge (safe; 1% risk of failure)
Confirm with . or Enter, or press ? or * to list all spells.
Aiming: Shock (safe; 1% risk of failure)
Press: ? - help, Shift-Dir - straight line The zap hits the orc!
You kill the orc!
Kikubaaqudgha accepts your kill.
The zap hits the two-headed ogre!
The two-headed ogre is lightly wounded.
The zap hits the worker ant.
The worker ant is lightly wounded.
The zap misses the bullfrog.
The zap misses the big kobold.
The zap hits the centaur!
The centaur is moderately wounded.
The two-headed ogre barely misses you.
The two-headed ogre hits you with a +0 giant spiked club!!
Ouch! That really hurt!
You die...
Kikubaaqudgha rasps: "You have failed me!
Welcome... death!" ▓▓▓▓▓▓▓▓▓▓▓▓▓▓▓▓▓▓▓▓▓▓▓▓ .cK.FaO@.[[.)...'_______ ▓▓▓▓▓▓▓▓▓▓▓▓▓▓▓▓▓▓▓▓▓▓▓▓

You could see a two-headed ogre, a big kobold, a bullfrog, a centaur and a worker ant.

Vanquished Creatures
  An ogre (D)
  A jelly (D)
  2 adders (D)
  A dart slug (D)
  An orc (D)
  A goblin (D)
  2 bats (D)
  A leopard gecko skeleton (D)
  A rat (D)
11 creatures vanquished.

Notes
Turn   | Place    | Note
-------+----------+-------------------------------------------
     0 | D        | HASTUR3 the Deep Elf Air Elementalist began the quest for
                  | the Orb.
     0 | D        | Reached XP level 1. HP: 10/10 MP: 6/6
   104 | D        | Noticed an ogre
   104 | D        | Noticed a jelly
   106 | D        | Reached XP level 2. HP: 15/15 MP: 5/8
   106 | D        | Reached skill level 4 in Air Magic
   109 | D        | Reached skill level 5 in Conjurations
   109 | D        | Reached skill level 5 in Air Magic
   109 | D        | Reached XP level 3. HP: 19/19 MP: 2/9
   119 | D        | Killed an ogre
   119 | D        | Reached skill level 8 in Air Magic
   119 | D        | Reached XP level 4. HP: 24/24 MP: 1/10
   119 | D        | Reached XP level 5. HP: 28/28 MP: 1/11
   127 | D        | Learned a level 2 spell: Swiftness
   132 | D        | Learned a level 4 spell: Airstrike
   136 | D        | Learned a level 3 spell: Static Discharge
   200 | D        | Found a roughly hewn altar of Beogh.
   200 | D        | Found a snail-covered altar of Cheibriados.
   200 | D        | Found a shadowy altar of Dithmenos.
   200 | D        | Found a white marble altar of Elyvilon.
   200 | D        | Found a blossoming altar of Fedhas.
   200 | D        | Found an opulent altar of Gozag.
   201 | D        | Found a hazy altar of Hepliaklqana.
   202 | D        | Found a viscous altar of Jiyva.
   203 | D        | Found an ancient bone altar of Kikubaaqudgha.
   204 | D        | Found a corrupted altar of Lugonu.
   205 | D        | Found a burning altar of Makhleb.
   206 | D        | Found a sparkling altar of Nemelex Xobeh.
   207 | D        | Found an iron altar of Okawaru.
   208 | D        | Found a stormy altar of Qazlal.
   209 | D        | Found a sacrificial altar of Ru.
   210 | D        | Found a deep blue altar of Sif Muna.
   211 | D        | Found a bloodstained altar of Trog.
   212 | D        | Found a hide-covered altar of Uskayaw.
   215 | D        | Became a worshipper of Kikubaaqudgha
   218 | D        | Found a radiant altar of Vehumet.
   219 | D        | Found an ornate altar of the Wu Jian Council.
   220 | D        | Found a shimmering altar of Xom.
   221 | D        | Found a basalt altar of Yredelemnul.
   222 | D        | Found a glowing silver altar of Zin.
   223 | D        | Found a glowing golden altar of the Shining One.
   284 | D        | Noticed a centaur
   284 | D        | Noticed a two-headed ogre
   287 | D        | Slain by a two-headed ogre

Skill      XL: |  1  2  3 |
---------------+----------+-----
Conjurations   | 4 5 7 |  7.2
Air Magic      | 5 8 |  8.2
Dodging        | |  2.4
Stealth        | |  2.4
Spellcasting   | |  3.0
Charms         | |  0.3

Action                   |  1- 3 |  4- 6 || total
-------------------------+-------+-------++-------
 Cast: Shock             |     9 |     2 ||    11
       Swiftness         |       |     2 ||     2
       Static Discharge  |       |     1 ||     1
  Use: Scroll            |     1 |       ||     1
Dodge: Dodged            |     5 |     1 ||     6
